 Dungeon Crawl Stone Soup version 0.24-a0-446-g87df7205b4 (webtiles) character file.

Game seed: 17471152272650575241

280 KristoblXynda the Slasher (level 6, 0/51 HPs)
             Began as a Draconian Gladiator on June 23, 2019.
             Slain by a gnoll
             ... wielding a +0 whip
              (10 damage)
             ... on level 4 of the Dungeon.
             The game lasted 00:04:46 (3471 turns).

KristoblXynda the Slasher (Draconian Gladiator)     Turns: 3471, Time: 00:04:46

Health: 0/51       AC:  6    Str: 16    XL:     6   Next: 5%
Magic:  6/6        EV: 13    Int: 11    God:
Gold:   119        SH:  0    Dex: 12    Spells: 5/5 levels left

rFire    . . .     SeeInvis .   a - +1 long sword
rCold    . . .     Gourm    .   (no shield)
rNeg     . . .     Faith    .   (armour unavailable)
rPois    .         Spirit   .   b - +0 hat
rElec    .         Reflect  .   (no cloak)
rCorr    .         Harm     .   (no gloves)
MR       .....                  (no boots)
Stlth    +.........             (no amulet)
HPRegen  0.17/turn              (no ring)
MPRegen  0.10/turn              (no ring)

@: no status effects
A: unfitting armour, cold-blooded, AC +6
a: no special abilities


You were on level 4 of the Dungeon.
You were not hungry.

You visited 1 branch of the dungeon, and saw 4 of its levels.

You collected 119 gold pieces.

Inventory:

Hand Weapons
 a - a +1 long sword (weapon)
Missiles
 c - 3 throwing nets (quivered)
Armour
 b - a +0 hat (worn)
Scrolls
 i - a scroll of random uselessness {unknown}
 j - 2 scrolls of teleportation
 k - 5 scrolls of remove curse
 l - a scroll of identify
 m - a scroll of blinking
Potions
 e - a potion of brilliance {unknown}
 f - 2 potions of mutation {unknown}
 g - 2 potions of curing
 h - a potion of invisibility {unknown}
 n - a potion of flight {unknown}
 p - a potion of degeneration {unknown}
Comestibles
 d - 5 rations
 o - a chunk of flesh


   Skills:
 + Level 3.4 Fighting
 * Level 5.1 Long Blades
 + Level 2.6 Throwing
 + Level 3.7 Dodging


You had 5 spell levels left.
You didn't know any spells.
Your spell library was empty.

Dungeon Overview and Level Annotations

Branches:
Dungeon (4/15)
 Temple: D:4-7

Altars:
Fedhas
Trog


Innate Abilities, Weirdness & Mutations

Your plain brown scales are hard. (AC +6)
You cannot fit into any form of body armour.
You are cold-blooded and may be slowed by cold attacks.


Message History

You barely miss the gnoll. The gnoll closely misses you.
You riposte.
You hit the gnoll but do no damage.
Your tail-slap misses the gnoll.
You slash the gnoll!
The gnoll is severely wounded.
The gnoll hits you with a +0 flail!
* * * LOW HITPOINT WARNING * * *
You closely miss the gnoll. You tail-slap the gnoll.
The gnoll is severely wounded.
The gnoll completely misses you.
You hit the gnoll.
You kill the gnoll!
You hit the gnoll. You tail-slap the gnoll.
The gnoll is lightly wounded.
The gnoll hits you with a +0 whip.
* * * LOW HITPOINT WARNING * * *
You slash the gnoll!
The gnoll is almost dead.
The walls and floor vibrate strangely for a moment.
The gnoll hits you with a +0 whip!
You die...

≈ #......# #≈#≈.[.#.#
#≈#≈g..#.# #≈≈≈≈.##.###
#≈#≈rg##..g# #≈≈≈...#.#g#
#...rg.#.#
#≈≈≈..##.#†######### ##
#≈≈........g@......# .#
#########..#######.# .#
#########..# #.# .#
##.......#..# ##.##
.###.....(.....######...###
.##.###.#.................#
.#.## ##..#.#.#######...#.#
...# #..#.#.########.##.#
^#.## ##..#.#.............#


You could see a gnoll.

Vanquished Creatures
  A hound (D:4)
  An orc wizard (D:4)
  An iguana (D:4)
  A worker ant (D:4)
  2 gnolls (D:4)
  4 adders
  A river rat (D:4)
  2 oozes (D:2)
  An adder skeleton (D:4)
  3 worms
  3 dart slugs
  5 leopard geckos
  10 orcs
  8 bats
  8 goblins
  8 hobgoblins
  4 kobolds
  A quokka (D:2)
  A ball python (D:2)
  A ball python skeleton (D:4)
  5 frilled lizards
  A jackal skeleton (D:4)
  5 rats
77 creatures vanquished.

Notes
Turn   | Place    | Note
-------+----------+-------------------------------------------
     0 | D:1      | KristoblXynda the Draconian Gladiator began the quest for
                  | the Orb.
     0 | D:1      | Reached XP level 1. HP: 17/17 MP: 1/1
   291 | D:1      | Reached XP level 2. HP: 17/24 MP: 2/2
   911 | D:2      | Reached XP level 3. HP: 24/30 MP: 3/3
   989 | D:2      | Found a faded altar of an unknown god.
  1170 | D:2      | Found a bloodstained altar of Trog.
  1335 | D:2      | Reached skill level 4 in Long Blades
  1905 | D:3      | Reached XP level 4. HP: 26/37 MP: 4/4
  2416 | D:3      | Found a blossoming altar of Fedhas.
  2907 | D:4      | Reached XP level 5. HP: 42/45 MP: 5/5
  3266 | D:4      | Reached skill level 5 in Long Blades
  3464 | D:4      | Reached XP level 6. HP: 32/51 MP: 6/6
  3471 | D:4      | Slain by a gnoll

Levels and vault maps discovered:
D:1:      lightli_arrival_maybe_door_vault, layout_basic
D:2:      layout_basic, lemuel_crystal_altar, chequers_ecumenical_altar_simple
D:3:      layout_basic, overflow_temple_1_default, first_ration
D:4:      lemuel_upstairs_altar, layout_loops_ring, lightli_sewer_entry_pipes,
          corexii_item_surrounded_by_moat

Skill      XL: |  1  2  3  4  5 |
---------------+----------------+-----
Throwing       | 2 |  2.6
Dodging        | 3 |  3.7
Long Blades    | 4 5 |  5.1
Fighting       | 3 |  3.4

Action                   |  1- 3 |  4- 6 || total
-------------------------+-------+-------++-------
Melee: Long sword        |   103 |   128 ||   231
       Tailslap          |    14 |    21 ||    35
  Use: Scroll            |       |     8 ||     8
       Potion            |       |     2 ||     2
 Stab: Sleeping          |     2 |     1 ||     3
       Distracted        |       |     1 ||     1
  Eat: Chunk             |     3 |     5 ||     8
Armor: Skin              |    30 |    29 ||    59
Dodge: Dodged            |    64 |    90 ||   154
       Rpst.: Long sword |    15 |    27 ||    42

Table legend:
 A = Non-vault XP
 B = Vault XP
 C = Vault XP percentage of total XP
 D = Non-vault monster count
 E = Vault monster count
 F = Vault count percentage of total count
                 A         B        C        D         E       F
            +---------+---------+-------+---------+---------+-------
      Total |     385 |      15 |   3.8 |      74 |       3 |   3.9
            +---------+---------+-------+---------+---------+-------
        D:1 |      31 |       0 |   0.0 |      16 |       0 |   0.0
        D:2 |      51 |       0 |   0.0 |      20 |       0 |   0.0
        D:3 |      76 |       0 |   0.0 |      19 |       0 |   0.0
        D:4 |     227 |      15 |   6.2 |      19 |       3 |  13.6
            +---------+---------+-------+---------+---------+-------
